 Dungeon Crawl Stone Soup version 0.30-a0-757-ga6a79fd877 (webtiles) character file.

Game seed: 10827084881362458163

289 Aneyh the Trooper (level 6, -2/42 HPs)
             Began as a Tengu Monk on Feb 10, 2023.
             Slain by an iguana (12 damage)
             ... on level 4 of the Dungeon.
             The game lasted 00:06:24 (3282 turns).

Aneyh the Trooper (Tengu Monk)                      Turns: 3282, Time: 00:06:25

Health: -2/42      AC:  2    Str: 14    XL:     6   Next: 31%
Magic:  16/16      EV: 15    Int: 10    God:
Gold:   140        SH:  0    Dex: 16    Spells: 5/5 levels left

rFire   . . .      SeeInvis .    a - +0 spear
rCold   . . .      Faith    .    (no shield)
rNeg    . . .      Spirit   .    q - +0 robe
rPois   +          Reflect  .    (helmet restricted)
rElec   .          Harm     .    (no cloak)
rCorr   .          Rampage  .    (no gloves)
Will    .....                    (boots unavailable)
Stlth   ++                       (no amulet)
HPRegen 0.27/turn                h - ring of magical power
MPRegen 0.15/turn                t - ring of poison resistance

@: flying quickly and evasively, quick
A: beak, talons 3, nimble flight
a: no special abilities


You were on level 4 of the Dungeon.
You visited 1 branch of the dungeon, and saw 4 of its levels.

You collected 140 gold pieces.

Inventory:

Hand Weapons
 a - a +0 spear (weapon)
 b - a +5 heavy hand axe
Missiles
 i - 3 boomerangs (quivered)
 w - 6 poisoned darts
Armour
 f - a +0 pair of gloves
 q - a +0 robe (worn)
Magical Staves
 m - a staff of conjuration
Jewellery
 h - a ring of magical power (left hand)
 t - a ring of poison resistance (right hand)
Wands
 x - a wand of polymorph (7)
Scrolls
 d - 6 scrolls of identify {unknown}
 e - 2 scrolls of blinking {unknown}
 k - 3 scrolls of teleportation {unknown}
 l - a scroll of immolation {unknown}
 n - a scroll of magic mapping {unknown}
 u - a scroll of fear {unknown}
 v - a scroll of noise {unknown}
Potions
 c - a potion of ambrosia
 g - 2 potions of haste {unknown}
 j - a potion of flight {unknown}
 o - a potion of lignification {unknown}
 p - 2 potions of heal wounds
 r - 2 potions of degeneration {unknown}
 s - a potion of curing {unknown}
 z - a potion of attraction {unknown}


   Skills:
 * Level 6.6 Fighting
 * Level 1.5(2.6) Axes
 - Level 3.2(3.5) Polearms
 - Level 3.2 Dodging
 - Level 2.0 Stealth


You had 5 spell levels left.
You didn't know any spells.
Your spell library contained the following spells:

 Spells                   Type           Power      Damage    Failure   Level
 Sandblast                Erth           0%         2d4       36%         1
 Passwall                 Tmut/Erth      0%         N/A       50%         2
 Call Canine Familiar     Summ           0%         N/A       75%         3
 Ozocubu's Armour         Ice            0%         N/A       75%         3
 Portal Projectile        Hex/Tloc       0%         N/A       75%         3
 Stone Arrow              Conj/Erth      0%         3d7       75%         3
 Leda's Liquefaction      Hex/Erth       0%         N/A       98%         4
 Metabolic Englaciation   Hex/Ice        0%         N/A       100%        5
 Simulacrum               Ice/Necr       0%         N/A       100%        6


Dungeon Overview and Level Annotations

Branches:
Dungeon (4/15)
 Temple: D:4-7

Altars:
Makhleb

Annotations:
D:4 Sigmund


Innate Abilities, Weirdness & Mutations

You have a beak for a mouth.
You have claws for feet.
Your magical nature lets you fly swiftly and evasively.


Message History

An iguana comes into view.
Found a stone staircase leading down.
The iguana hisses angrily.
You reach to attack!
You barely miss the iguana. You hit the iguana but do no damage.
You claw the iguana.
The iguana is lightly wounded.
The iguana bites you.
You hit the iguana but do no damage.
The iguana is lightly wounded.
The iguana bites you.
You hit the iguana but do no damage. Your kick misses the iguana.
The iguana is lightly wounded.
You hit the iguana. You peck the iguana, but do no damage.
The iguana is moderately wounded.
The iguana bites you.
You hit the iguana but do no damage.
The iguana is moderately wounded.
The iguana bites you.
You closely miss the iguana. You claw the iguana. Your peck misses the iguana.
You punch the iguana.
The iguana is heavily wounded.
The iguana closely misses you.
You hit the iguana. Your kick misses the iguana. Your punch misses the iguana.
The iguana is severely wounded.
The iguana completely misses you.
You completely miss the iguana. You peck the iguana, but do no damage.
The iguana is severely wounded.
The iguana bites you!
You are too injured to fight recklessly!
You are too injured to fight recklessly!
You are too injured to fight recklessly!
You hit the iguana. You claw the iguana.
The iguana is almost dead.
The iguana bites you!
* * * LOW HITPOINT WARNING * * *
You barely miss the iguana. Your kick misses the iguana.
Your peck misses the iguana.
The iguana is almost dead.
The iguana bites you!
You die...

... #.. #.. ..
#.. #.#####
#..### .......
#....# .......
#..l.######.
.....
#..@....>... ...
#.##.######
#+####.## #....#
.......<######.#
#.####.........#
###########


You could see an iguana.

Vanquished Creatures
  Terence (D:2)
  Natasha (thrice) (D:3)
  4 gnolls
  6 adders
  A white imp (D:3)
  A worm (D:2)
  5 dart slugs
  2 orcs
  6 ball pythons
  8 endoplasms
  2 giant cockroaches
  4 goblins
  6 hobgoblins
  5 jackals (D:1)
  4 quokkas (D:1)
  5 bats
  5 frilled lizards
  10 kobolds
  6 rats
84 creatures vanquished.

Notes
Turn   | Place    | Note
-------+----------+-------------------------------------------
     0 | D:1      | Aneyh the Tengu Monk began the quest for the Orb.
     0 | D:1      | Reached XP level 1. HP: 14/14 MP: 2/2
    75 | D:1      | Reached XP level 2. HP: 19/19 MP: 3/3
   223 | D:1      | Reached skill level 4 in Fighting
   252 | D:1      | Reached XP level 3. HP: 24/24 MP: 4/4
   883 | D:2      | Reached XP level 4. HP: 24/30 MP: 5/5
  1015 | D:2      | Reached skill level 5 in Fighting
  1149 | D:2      | Noticed Terence
  1162 | D:2      | Killed Terence
  1476 | D:2      | Gained mutation: Your magical nature lets you fly swiftly
                  | and evasively. [Tengu growth]
  1476 | D:2      | Reached XP level 5. HP: 35/35 MP: 6/6
  2155 | D:3      | Found a faded altar of an unknown god.
  2276 | D:3      | Noticed Natasha
  2296 | D:3      | Killed Natasha
  2297 | D:3      | Reached skill level 6 in Fighting
  2297 | D:3      | Reached skill level 1 in Axes
  2479 | D:3      | Found a burning altar of Makhleb.
  2534 | D:3      | Noticed Natasha
  2638 | D:3      | Killed Natasha
  2773 | D:3      | Noticed Natasha
  2779 | D:3      | Killed Natasha
  2780 | D:3      | Reached XP level 6. HP: 42/42 MP: 7/7
  3160 | D:4      | Noticed Sigmund
  3282 | D:4      | Slain by an iguana

Illustrated notes

Levels and vault maps discovered:
D:1:      dpeg_arrival_rhombi, layout_loops_ring, minmay_misc_feat_roman
D:2:      minmay_razor_zed, layout_basic, hex_intersection, uniq_terence
D:3:      layout_loops_ring, lightli_temple_of_fire,
          shapermc_ecumenical_altar_starsandcircs, uniq_natasha
D:4:      kennysheep_goblin_castle, layout_basic,
          nicolae_overflow_crystal_walls, minmay_temple_entry_trees, uniq_ijyb,
          uniq_crazy_yiuf_cottage, uniq_sigmund

Skill      XL: |  1  2  3  4  5 |
---------------+----------------+-----
Fighting       | 4 5 6 |  6.6
Axes           | 1 |  1.5
Polearms       | |  3.2
Dodging        | |  3.2
Stealth        | |  2.0

Action                     |  1- 3 |  4- 6 || total
---------------------------+-------+-------++-------
  Melee: Spear             |    76 |   186 ||   262
         Kick              |    13 |    37 ||    50
         Peck              |    10 |    34 ||    44
         Hand axe          |       |     2 ||     2
         Punch             |       |     2 ||     2
  Throw: Boomerang         |       |     3 ||     3
   Stab: Sleeping          |     5 |     8 ||    13
 Armour: Robe              |     5 |     7 ||    12
  Dodge: Dodged            |    27 |    74 ||   101

Table legend: (Time is in decaauts)
 A = Elapsed time spent in this place.
 B = Non-inter-level travel time spent in this place.
 C = Inter-level travel time spent in this place.
 D = Time resting spent in this place.
 E = Time spent auto-exploring this place.
 F = Levels seen in this place.
 G = Mean time per level.
                   A        B        C        D        E       F      G
               +--------+--------+--------+--------+--------+-----+--------+
         Total |   3149 |   3024 |    125 |    432 |   1970 |   4 |  787.2 |
       Dungeon |   3149 |   3024 |    125 |    432 |   1970 |   4 |  787.2 |
               +--------+--------+--------+--------+--------+-----+--------+

Top non-repeatable levels by time:
     D:2: 1173 daAuts
     D:3: 1095 daAuts
     D:1: 834 daAuts
     D:4: 46 daAuts
